 Dungeon Crawl Stone Soup version 0.28.0-45-g0d030f2227 (webtiles) character file.

Game seed: 18051528289322914801

230 Peep the Chucker (level 6, 0/59 HPs)
             Began as an Ogre Hunter on Apr 15, 2022.
             Was an Initiate of Okawaru.
             Slain by a phantom (9 damage)
             ... on level 4 of the Dungeon.
             The game lasted 00:07:14 (5218 turns).

Peep the Chucker (Ogre Hunter)                      Turns: 5218, Time: 00:07:15

Health: 0/59       AC:  3    Str: 23    XL:     6   Next: 3%
Magic:  6/6        EV:  9    Int: 14    God:    Okawaru [......]
Gold:   160        SH:  0    Dex:  9    Spells: 5/5 levels left

rFire   . . .      SeeInvis .   m - +0 whip (elec)
rCold   . . .      Faith    .   (no shield)
rNeg    . . .      Spirit   .   b - +0 robe
rPois   .          Reflect  .   (helmet restricted)
rElec   .          Harm     .   (no cloak)
rCorr   .          Rampage  .   (gloves unavailable)
Will    .....                   (boots unavailable)
Stlth   +.........              (no amulet)
HPRegen 0.19/turn               j - +6 ring of strength
MPRegen 0.10/turn               (no ring)

@: no status effects
A: large, unfitting armour, tough skin 1
a: Renounce Religion


You were on level 4 of the Dungeon.
You worshipped Okawaru.
Okawaru was noncommittal.
You visited 1 branch of the dungeon, and saw 4 of its levels.

You collected 160 gold pieces.

Inventory:

Hand Weapons
 a - a +0 short sword
 f - a +0 mace
 m - a +0 whip of electrocution (weapon)
 o - the +8 flail "Ryruh" {drain, Will+ rCorr SInv}
   (You found it on level 4 of the Dungeon)

   A truly terrible weapon, it drains the life of any living foe it strikes.
   SInv:      It lets you see invisible.
   rCorr:     It protects you from acid and corrosion.
   Will:      It increases your willpower.
Missiles
 c - 5 large rocks
 d - a throwing net (quivered)
Armour
 b - a +0 robe (worn)
Jewellery
 j - a +6 ring of strength (left hand)
 n - a ring of fire
Scrolls
 h - a scroll of amnesia {unknown}
 i - a scroll of teleportation {unknown}
 l - a scroll of summoning {unknown}
Potions
 g - 2 potions of curing {unknown}
 k - a potion of mutation {unknown}
 p - a potion of heal wounds {unknown}


   Skills:
 - Level 2.6 Fighting
 * Level 0.1 Maces & Flails
 - Level 7.0 Throwing
 - Level 1.7 Dodging
 - Level 0.6 Stealth


You had 5 spell levels left.
You didn't know any spells.
Your spell library contained the following spells:

 Spells                   Type           Power      Damage    Failure   Level
 Gell's Gravitas          Tloc           0%         N/A       65%         3
 Lesser Beckoning         Tloc           0%         N/A       65%         3
 Teleport Other           Tloc           0%         N/A       65%         3


Dungeon Overview and Level Annotations

Branches:
Dungeon (4/15)             Temple (0/1) D:4

Altars:
Nemelex Xobeh
Okawaru


Innate Abilities, Weirdness & Mutations

You are too large for most types of armour.
You have tough skin. (AC +1)


Message History

A phantom comes into view.
Found 24 gold pieces.
The phantom hits you but does no damage.
You closely miss the phantom. The phantom hits you!
You closely miss the phantom. The phantom hits you!
The phantom blinks!
You blink.
You barely miss the phantom. The phantom hits you!
You barely miss the phantom. The phantom closely misses you.
You miss the phantom. The phantom hits you!
The phantom blinks!
You blink.
You closely miss the phantom. The phantom barely misses you.
You hit the phantom.
The phantom is lightly damaged.
The phantom barely misses you.
You miss the phantom.
The phantom is lightly damaged.
The phantom barely misses you.
You barely miss the phantom.
The phantom is lightly damaged.
The phantom hits you.
The phantom blinks!
You blink.
You are too injured to fight recklessly!
You are too injured to fight recklessly!
You are too injured to fight recklessly!
You are too injured to fight recklessly!
You are too injured to fight recklessly!
You barely miss the phantom.
The phantom is lightly damaged.
The phantom hits you. The phantom hits you!
* * * LOW HITPOINT WARNING * * *
The phantom blinks!
You blink.
Unknown command.
Unknown command.
You hit the phantom.
The phantom is lightly damaged.
The phantom hits you.
* * * LOW HITPOINT WARNING * * *
The phantom blinks!
You blink.
You closely miss the phantom.
The phantom is lightly damaged.
The phantom hits you!
You die...

.##....#........
.##....#######..
.########....#..
.....(.......#
...... ......######
.##.... #....##...#
.# ....##....##.$.#
.# ...+$.......ยง.#
.########.......@.#
.##....##......W..#
.......)..........#
.......########...#
.......# #####
.##....# .##....+
.#.....# .'.....#


You could see a phantom.

Vanquished Creatures
  An ice beast (D:3)
  An orc wizard (D:4)
  An adder (D:2)
  2 worms (D:3)
  3 dart slugs
  4 orcs
  3 ball pythons
  10 endoplasms
  8 giant cockroaches
  3 goblins
  7 hobgoblins
  6 kobolds
  A quokka (D:3)
  9 bats
  2 frilled lizards (D:1)
  4 rats
65 creatures vanquished.

Vanquished Creatures (others)
  An orc wizard (D:4)
1 creature vanquished.

Grand Total: 66 creatures vanquished

Notes
Turn   | Place    | Note
-------+----------+-------------------------------------------
     0 | D:1      | Peep the Ogre Hunter began the quest for the Orb.
     0 | D:1      | Reached XP level 1. HP: 22/22 MP: 1/1
   559 | D:1      | Reached XP level 2. HP: 26/29 MP: 2/2
  1384 | D:1      | Reached XP level 3. HP: 36/36 MP: 3/3
  1655 | D:2      | Reached skill level 5 in Throwing
  2905 | D:3      | Reached XP level 4. HP: 31/44 MP: 4/4
  3337 | D:3      | Found a sparkling altar of Nemelex Xobeh.
  3352 | D:3      | Found an iron altar of Okawaru.
  3444 | D:3      | Became a worshipper of Warmaster Okawaru
  3521 | D:3      | Noticed an ice beast
  3534 | D:3      | Killed an ice beast
  3535 | D:3      | Reached skill level 6 in Throwing
  3535 | D:3      | Reached XP level 5. HP: 46/50 MP: 5/5
  4387 | D:4      | Identified the +8 flail "Ryruh" {drain, Will+ rCorr SInv}
  4403 | D:4      | Found a staircase to the Ecumenical Temple.
  4735 | D:4      | Reached skill level 7 in Throwing
  4735 | D:4      | Reached XP level 6. HP: 17/59 MP: 6/6
  5218 | D:4      | Slain by a phantom

Illustrated notes

Levels and vault maps discovered:
D:1:      minmay_arrival_wavy_path, layout_basic, minmay_hexomino_f4
D:2:      layout_basic
D:3:      layout_basic, mainiacjoe_overflow_concentric_impassable,
          nemelex_dance_club_becter, serial_glass, glass_columns_b,
          glass_columns_c, item_on_display_a, feat_on_display,
          due_unseen_surprise
D:4:      layout_gridville, mainiacjoe_overflow_chevrons,
          minmay_temple_entry_large_hall, ebering_dispersal_statue_hall

Skill      XL: |  1  2  3  4  5 |
---------------+----------------+-----
Throwing       | 5 6 7 |  7.0
Fighting       | |  2.6
Maces & Flails | |  0.1
Dodging        | |  1.7
Stealth        | |  0.6

Action                   |  1- 3 |  4- 6 || total
-------------------------+-------+-------++-------
Melee: Short sword       |   134 |     2 ||   136
       Punch             |     2 |     3 ||     5
       Whip              |       |   145 ||   145
Throw: Large rock        |     7 |     7 ||    14
       Throwing net      |       |     3 ||     3
  Use: Potion            |       |     1 ||     1
 Stab: Sleeping          |     1 |       ||     1
Armor: Robe              |    70 |    29 ||    99
Dodge: Dodged            |    90 |    60 ||   150
